 Dungeon Crawl Stone Soup version 0.27.0-1-g7a089689b8 (webtiles) character file.

Game seed: 7762147726422262181

567 sanka the Conjurer (level 7, 0/59 HPs)
             Began as a Ghoul Conjurer on Aug 8, 2021.
             Slain by an ogre (25 damage)
             ... on level 4 of the Dungeon.
             The game lasted 00:10:16 (6344 turns).

sanka the Conjurer (Ghoul Conjurer)                 Turns: 6344, Time: 00:10:16

Health: 0/59       AC: 10    Str: 14    XL:     7   Next: 33%
Magic:  3/9        EV: 10    Int: 15    God:
Gold:   28         SH:  0    Dex:  7    Spells: 7/10 levels left

rFire    . . .     SeeInvis .   p - +0 morningstar
rCold    + . .     Faith    .   (no shield)
rNeg     + + +     Spirit   .   q - +5 ring mail "Iseab" {rElec rN+ Str+3}
rPois    ∞         Reflect  .   (no helmet)
rElec    +         Harm     .   (no cloak)
rCorr    .         Rampage  .   (no gloves)
Will     .....                  (no boots)
Stlth    +.........             (no amulet)
HPRegen  0.00/turn              (no ring)
MPRegen  0.11/turn              (no ring)

@: inhibited regen
A: claws 1, cold resistance 1, negative energy resistance 3, inhibited
regeneration, torment resistance 2
a: no special abilities


You were on level 4 of the Dungeon.
You visited 1 branch of the dungeon, and saw 4 of its levels.

You collected 108 gold pieces.
You spent 80 gold pieces at shops.


Innate Abilities, Weirdness & Mutations

You thrive by killing the living.
You are immune to poison.
You have sharp fingernails.
Your flesh is cold resistant. (rC+)
You are immune to negative energy. (rN+++)
You do not regenerate when monsters are visible.
You are immune to unholy pain and torment.


   Skills:
 - Level 4.0 Fighting
 - Level 1.7 Dodging
 - Level 2.1 Stealth
 - Level 2.0 Spellcasting
 + Level 6.3 Conjurations


You had 7 spell levels left.
You knew the following spells:

 Your Spells              Type           Power      Damage    Failure   Level
x - Searing Ray           Conj           40%        3d4       4%          2
z - Magic Dart            Conj           80%        1d7       3%          1

Your spell library contained the following spells:

 Spells                   Type           Power      Damage    Failure   Level
 Dazzling Flash           Conj/Hex       22%        N/A       36%         3
 Summon Small Mammal      Summ           4%         N/A       41%         1
 Fulminant Prism          Conj/Hex       5%         3d7       77%         4
 Iskenderun's Mystic Bla  Conj/Tloc      11%        2d4       77%         4
 Call Canine Familiar     Summ           1%         N/A       80%         3
 Summon Guardian Golem    Hex/Summ       1%         N/A       80%         3

Inventory:

Hand Weapons
 g - a +1 dagger of protection
 p - a +0 morningstar (weapon)
Armour
 a - a +0 robe
 b - a +0 scale mail
 q - the +5 ring mail "Iseab" (worn) {rElec rN+ Str+3}

   Str:       It affects your strength (+3).
   rElec:     It insulates you from electricity.
   rN:        It protects you from negative energy.
Jewellery
 n - a ring of fire
Scrolls
 c - a scroll of identify {unknown}
 d - 3 scrolls of noise {unknown}
 e - a scroll of magic mapping {unknown}
 f - 3 scrolls of teleportation {unknown}
 i - a scroll of torment {unknown}
 j - a scroll of amnesia {unknown}
Potions
 h - 2 potions of degeneration {unknown}
 k - a potion of heal wounds {@q2}
 l - 2 potions of invisibility {unknown}
 m - a potion of curing {@q1}
 o - a potion of lignification {unknown}
 r - a potion of flight {unknown}

Dungeon Overview and Level Annotations

Branches:
Dungeon (4/15)
 Temple: D:4-7

Altars:

Shops:
D:1 !

Annotations:
D:3 Sigmund

......▒▒▒▒▒▒▒▒▒▒▒.▒
▒..▒▒.▒ ▒.▒ ▒..▒▒.▒
▒.▒ ▒..▒ ..
▒▒▒▒▒.▒▒▒
▒..▒▒▒▒▒▒▒▒
▒.......▒
▒..........
▒.▒▒▒▒▒▒▒
▒.▒▒▒▒▒▒▒▒▒ ▒.▒ ▒.▒
▒.▒▒▒▒▒ ▒.▒ ▒...n.▒
▒.▒ ▒▒▒▒▒O▒ ▒.▒ h▒
▒.▒ †▒ ▒.▒ £▒ ▒.▒
.▒ ▒.▒ .▒ ..


You could see an ogre and a jackal.


Message History

Unknown command.
The jackal barks!
Aiming: Searing Ray (safe; 4% risk of failure)
Aim: an ogre, wielding a +0 giant spiked club (89% to hit)
The searing ray hits the ogre!
The ogre is moderately wounded. (Press . to maintain the ray.)
The searing ray hits the ogre.
The ogre is heavily wounded.
The searing ray misses the jackal.
The searing ray hits the ogre.
The ogre is heavily wounded.
The searing ray hits the jackal!
You kill the jackal!
The ogre hits you with a +0 giant spiked club!!
The searing ray hits the ogre!
The ogre is almost dead.
The searing ray hits the jackal!
You kill the jackal!
The searing ray hits the jackal!
You kill the jackal!
You finish channeling your searing ray.
You closely miss the ogre.
The ogre is almost dead.
The ogre hits you with a +0 giant spiked club!
* * * LOW HITPOINT WARNING * * *
The magic dart hits the ogre.
The ogre is almost dead.
The ogre hits you with a +0 giant spiked club!!
You die...

Action                   |  1- 3 |  4- 6 |  7- 9 || total
-------------------------+-------+-------+-------++-------
Melee: Unarmed           |   196 |       |       ||   196
       Dagger            |   100 |   142 |       ||   242
       Morningstar       |       |    42 |     2 ||    44
Throw: Throwing net      |       |     1 |       ||     1
 Cast: Magic Dart        |     2 |    15 |     4 ||    21
       Searing Ray       |       |    12 |     3 ||    15
  Use: Potion            |       |     2 |       ||     2
 Stab: Held in net/web   |       |     2 |       ||     2
Armor: Scale mail        |   190 |    78 |       ||   268
       Robe              |       |     6 |       ||     6
       Ring mail         |       |    22 |       ||    22
Dodge: Dodged            |   152 |   106 |       ||   258

Levels and vault maps discovered:
D:1:      minmay_arrival_three_doors, layout_basic, serial_shops,
          nicolae_shop_waterfront, dilly_ecumenical_altar_fadedgnrine,
          dk_noncrumbling_3, chequers_garden, st_stairs_14
D:2:      layout_basic, palyth_stone_intersect, supply_closet_lemuel,
          minmay_statues_item
D:3:      layout_basic, feat_on_display, uniq_sigmund
D:4:      layout_basic, uniq_menkaure, uniq_duvessa

Notes
Turn   | Place    | Note
-------+----------+-------------------------------------------
     0 | D:1      | sanka the Ghoul Conjurer began the quest for the Orb.
     0 | D:1      | Reached XP level 1. HP: 14/14 MP: 2/2
    76 | D:1      | Reached skill level 1 in Fighting
    94 | D:1      | Reached XP level 2. HP: 4/23 MP: 3/3
   488 | D:1      | Reached skill level 2 in Fighting
   915 | D:1      | Found Punti's Distillery.
  1101 | D:1      | Reached XP level 3. HP: 20/30 MP: 4/4
  1230 | D:1      | Learned a level 2 spell: Searing Ray
  1407 | D:1      | Found a faded altar of an unknown god.
  1488 | D:1      | Reached skill level 3 in Fighting
  2159 | D:2      | Reached XP level 4. HP: 38/40 MP: 5/5
  2783 | D:3      | Noticed Sigmund
  3078 | D:3      | Noticed an ogre
  3231 | D:3      | Reached skill level 4 in Fighting
  3470 | D:3      | Reached skill level 2 in Spellcasting
  3515 | D:3      | Noticed a scorpion
  3563 | D:3      | Killed a scorpion
  3564 | D:3      | Reached skill level 4 in Conjurations
  3564 | D:3      | Reached XP level 5. HP: 30/46 MP: 7/7
  3822 | D:1      | Bought a potion of heal wounds for 50 gold pieces
  3822 | D:1      | Bought a potion of curing for 30 gold pieces
  5454 | D:4      | Identified the +5 ring mail "Iseab" {rElec rN+ Str+3}
  5467 | D:4      | Noticed Menkaure
  5484 | D:4      | Killed Menkaure
  5485 | D:4      | Reached skill level 5 in Conjurations
  5485 | D:4      | Reached XP level 6. HP: 52/52 MP: 0/8
  5817 | D:4      | Noticed Duvessa
  5823 | D:4      | Noticed Dowan
  5834 | D:4      | HP: 5/52 [Duvessa (6)]
  5860 | D:4      | Killed Duvessa
  5861 | D:4      | Reached skill level 6 in Conjurations
  5861 | D:4      | Reached XP level 7. HP: 10/59 MP: 0/9
  6172 | D:4      | Killed Dowan
  6344 | D:4      | Slain by an ogre

Vanquished Creatures
  Menkaure (D:4)
  Duvessa (D:4)
  2 scorpions
  Dowan (D:4)
  An orc priest (D:4)
  An iguana (D:4)
  An adder (D:2)
  An ufetubus (D:3)
  2 adder skeletons (D:4)
  2 dart slugs
  8 orcs
  9 bats
  8 endoplasms
  2 giant cockroaches
  3 goblins
  4 hobgoblins
  15 jackals
  3 quokkas
  8 ball pythons
  3 frilled lizards (D:1)
  7 kobolds
  A rat (D:2)
84 creatures vanquished.
